 Dungeon Crawl Stone Soup version 0.29.1-13-g9f3cf754e1 (webtiles) character file.

Game seed: 1207000540372884191

46 Thatpatchoflichen the Shooter (level 3, -1/28 HPs)
             Began as a Demonspawn Hunter on Feb 3, 2023.
             Slain by an orc wizard
             ... wielding a +0 dagger
              (3 damage)
             ... on level 2 of the Dungeon.
             The game lasted 00:05:34 (1509 turns).

Thatpatchoflichen the Shooter (Demonspawn Hunter)   Turns: 1509, Time: 00:05:34

Health: -1/28      AC:  8    Str: 11    XL:     3   Next: 44%
Magic:  3/3        EV: 12    Int: 10    God:
Gold:   58         SH:  0    Dex: 18    Spells: 2/2 levels left

rFire   . . .      SeeInvis .   a - +0 shortbow
rCold   . . .      Faith    .   (shield currently unavailable)
rNeg    . . .      Spirit   .   c - +0 leather armour
rPois   .          Reflect  .   (no helmet)
rElec   .          Harm     .   (no cloak)
rCorr   .          Rampage  .   (no gloves)
Will    .....                   (no boots)
Stlth   +.........              (no amulet)
HPRegen 0.09/turn               i - +4 ring of protection
MPRegen 0.08/turn               (no ring)

@: confused
A: sharp scales 1
a: no special abilities


You were on level 2 of the Dungeon.
You visited 1 branch of the dungeon, and saw 3 of its levels.

You collected 58 gold pieces.

Inventory:

Hand Weapons
 a - a +0 shortbow (weapon)
 e - a +2 vorpal sling
Missiles
 l - 4 poisoned darts
Armour
 c - a +0 leather armour (worn)
Jewellery
 i - a +4 ring of protection (left hand)
Scrolls
 b - 2 scrolls of immolation
 d - a scroll of vulnerability {unknown}
 f - a scroll of identify
 g - a scroll of enchant armour
 k - a scroll of teleportation {unknown}
Potions
 h - a potion of degeneration {unknown}
 j - a potion of lignification {unknown}


   Skills:
 + Level 2.6 Fighting
 * Level 4.1 Ranged Weapons
 + Level 2.4 Dodging
 - Level 1.0 Stealth


You had 2 spell levels left.
You didn't know any spells.
Your spell library was empty.

Dungeon Overview and Level Annotations

Branches:
Dungeon (3/15)

Altars:

Annotations:
D:2 Terence


Innate Abilities, Weirdness & Mutations

You are partially covered in razor-sharp scales. (AC +1, Slay +1)


Message History

You shoot an arrow.
You feel less confused. The orc wizard closely misses you.
A hobgoblin comes into view.
The orc barely misses you. Something hits you but does no damage.
Fire: a) +0 shortbow
Press: ? - help, Q - select action, (/) - cycle Shift-Dir - straight line, f - orc wizard
Aim: an orc wizard, wielding a +0 dagger and wearing a +0 robe (59% to hit)
You shoot an arrow. The arrow hits the orc wizard.
The orc wizard is lightly wounded.
The orc wizard hits you but does no damage.
The orc barely misses you. Something barely misses you.
The orc wizard hits you but does no damage.
The orc barely misses you. Something hits you.
* * * LOW HITPOINT WARNING * * *
As you read the scroll labelled NIDUTE CIRO, it crumbles to dust.
It is a scroll of identify.
g - a scroll of enchant armour The orc wizard casts a spell at you.
The magic dart hits you.
* * * LOW HITPOINT WARNING * * *
The orc completely misses you. Something hits you but does no damage.
i - a +4 ring of protection (left hand)
A ball python comes into view.
The ball python hisses angrily.
The orc wizard points at you and mumbles some strange words.
You are confused.
You hear some strange, mumbled words.
Something tries to affect you, but you resist.
You bump into the rock wall.
Something hits you.
* * * LOW HITPOINT WARNING * * *
You bump into the rock wall.
The orc wizard points at you and mumbles some strange words.
You are more confused.
The orc barely misses you.
You hear some strange, mumbled words.
A puff of flame appears from out of thin air!
The puff of flame misses you. Something hits you.
You die...

#### ....##.# #.†.
###....#. ..... #.##
........ #...# #.##
##..... #...# #.##
...... #)..# #.##
#.Sg# #####...####.#
#.#.#{###............#
#...oo@..............#
#..######...........##
# ####.###.#### #.##
##.# ## #.# #.# .#
#.## ##.##### ?#
##.###.#..... .##
##...##.#### .. ###
###.###.####


You could see an orc wizard, an orc, a hobgoblin and a ball python.

Vanquished Creatures
  An adder (D:2)
  An orc (D:1)
  A ball python (D:1)
  A bat (D:2)
  3 endoplasms
  A giant cockroach (D:2)
  3 goblins
  2 hobgoblins
  9 jackals
  A kobold (D:1)
  A quokka (D:1)
  2 frilled lizards (D:2)
  3 rats
29 creatures vanquished.

Notes
Turn   | Place    | Note
-------+----------+-------------------------------------------
     0 | D:1      | Thatpatchoflichen the Demonspawn Hunter began the quest for
                  | the Orb.
     0 | D:1      | Reached XP level 1. HP: 16/16 MP: 1/1
    71 | D:1      | Reached skill level 1 in Stealth
   275 | D:1      | Gained mutation: You are partially covered in razor-sharp
                  | scales. (AC +1, Slay +1) [demonic ancestry]
   275 | D:1      | Reached XP level 2. HP: 22/22 MP: 2/2
   484 | D:1      | Found a faded altar of an unknown god.
   891 | D:2      | Noticed Terence
  1307 | D:2      | Reached XP level 3. HP: 28/28 MP: 3/3
  1321 | D:2      | Reached skill level 4 in Ranged Weapons
  1509 | D:2      | Slain by an orc wizard

Illustrated notes

Levels and vault maps discovered:
D:1:      dpeg_arrival_simpleton_c, layout_basic,
          hellmonk_ecumenical_altar_leap_of_faith
D:2:      layout_loops_cross, uniq_terence
D:3:      layout_loops_ring, mainiacjoe_overflow_alcove_1

Skill      XL: |  1  2  3 |
---------------+----------+-----
Stealth        | 1 |  1.0
Dodging        | 2 |  2.4
Ranged Weapons | 4 |  4.1
Fighting       | |  2.6

Action                   || total
-------------------------++-------
 Fire: Shortbow          ||    84
  Use: Scroll            ||     1
Armor: Leather armour    ||    30
Dodge: Dodged            ||    68
